[Event "Early-Titled-Tuesday-Blitz-May-28-2024"]
[Site "Chess.com"]
[Date "2024.05.28"]
[Round "9"]
[White "Giantgoogachess"]
[Black "kachsona"]
[Result "1/2-1/2"]
[WhiteElo "2389"]
[BlackElo "2625"]
[TimeControl "180+1"]
[EndTime "9:48:00 PDT"]
[Termination "Game drawn by repetition"]

1. d4 d5 2. c4 e6 3. Nc3 c5 4. cxd5 exd5 5. Nf3 Nc6 6. dxc5 d4 7. Na4 Bxc5 8. Nxc5 Qa5+ 9. Bd2 Qxc5 10. Rc1 Qd6 11. Bc3 Qh6 12. Nxd4 Nxd4 13. Bxd4 Ne7 14. e3 O-O 15. Bc5 Qf6 16. Qd4 Qxd4 17. Bxd4 Nc6 18. Bc3 Be6 19. a3 Rac8 20. Be2 Ne5 21. O-O Bc4 22. Bxc4 Nxc4 23. Rfd1 f6 24. Rd7 Rfd8 25. Rxb7 Nxb2 26. Rxb2 Rxc3 27. Rcb1 Rxa3 28. g3 h5 29. Rb7 h4 30. Kg2 Ra2 31. R1b4 Rdd2 32. Rb8+ Kf7 33. R8b7+ Ke6 34. Re4+ Kd5 35. Rf4 hxg3 36. hxg3 a5 37. Rxg7 Ke6 38. Rg6 a4 39. Rgxf6+ Ke7 40. Rf7+ Ke6 41.
R4f6+ Ke5 42. Rf5+ Ke6 43. R7f6+ Ke7 44. Ra6 a3 45. g4 Rd3 46. Re5+ Kf7 47. g5 Rb2 48. g6+ Kf8 49. Rf5+ Kg8 50. Rf7 Rb8 51. Rfa7 Rf8 52. Rxa3 Rd2 53. Kg3 Rdxf2 54. Ra8 Rf6 55. R8a6 Kg7 56.
Rxf6 Rxf6 57. e4 Kxg6 58. e5 Rf1 59. Ra6+ Kf7 60. Kg4 Ke7 61. Rb6 Rg1+ 62. Kf5 Rf1+ 63. Ke4 Re1+ 64. Kd5 Rd1+ 65. Kc5 Rc1+ 66. Kd4 Rd1+ 67.
Ke4 Re1+ 68. Kf4 Rf1+ 69. Kg4 Rg1+ 70. Kf3 Re1 71. Kf4 Rf1+ 72. Ke4 Re1+ 1/2-1/2

[Event "Early-Titled-Tuesday-Blitz-May-28-2024"]
[Site "Chess.com"]
[Date "2024.05.28"]
[Round "9"]
[White "Chernov_Mikhail"]
[Black "FrenchPlayer2203"]
[Result "1/2-1/2"]
[WhiteElo "2281"]
[BlackElo "2101"]
[TimeControl "180+1"]
[EndTime "9:48:01 PDT"]
[Termination "Game drawn - insufficient material"]

1. e4 e6 2. d3 d5 3. Nd2 c5 4. Ngf3 Nc6 5. g3 Bd6 6. Bg2 Nge7 7. O-O O-O 8. Re1 Qc7 9. c3 d4 10. Qe2 e5 11. Nc4 f6 12. a4 Be6 13. Nfd2 b6 14. Rf1 a6 15. Nxd6 Qxd6 16. c4 Rab8 17. f4 b5 18. b3 Nb4 19. axb5 axb5 20. Nf3 bxc4 21. bxc4 Kh8 22. fxe5 fxe5 23. Nxe5 Qxe5 24. Bf4 Rxf4 25. gxf4 Qc7 26. f5 Bg8 27. f6 Nec6 28. Rf3 Ne5 29. fxg7+ Qxg7 30. Rg3 Qe7 31. Rf1 Rf8 32.
Rxf8 Qxf8 33. Bh3 h6 34. Bf5 Bf7 35. Qf1 Nbxd3 36. Rxd3 Nxd3 37. Qxd3 Qg7+ 38. Kf2 Qg5 39. h3 Qf4+ 40. Qf3 Qxf3+ 41. Kxf3 Bxc4 42. Kf4 Kg7 43. Bg4 Bf7 44. e5 c4 45. Ke4 d3 46. e6 Be8 47.
Kd4 Kf6 48. Kxc4 d2 49. Kd3 Bb5+ 50. Kxd2 Bc4 51. Ke3 Bxe6 52. Kf4 Bxg4 53. hxg4 Kg6 54. Kg3 Kg5 55. Kh3 h5 56. gxh5 Kxh5 1/2-1/2

[Event "Early-Titled-Tuesday-Blitz-May-28-2024"]
[Site "Chess.com"]
[Date "2024.05.28"]
[Round "9"]
[White "Shuvalov"]
[Black "patzer-reloaded"]
[Result "0-1"]
[WhiteElo "2560"]
[BlackElo "2488"]
[TimeControl "180+1"]
[EndTime "9:48:05 PDT"]
[Termination "patzer-reloaded won by resignation"]

1. d4 Nf6 2. c4 e6 3. Nf3 d5 4. Nc3 Bb4 5. cxd5 exd5 6. Bg5 h6 7. Bh4 O-O 8. e3 g5 9. Bg3 Ne4 10. Qc2 h5 11. h4 g4 12. Ng5 f5 13. Bf4 c6 14. f3 Nxg5 15. hxg5 Qe8 16. Bd3 Be6 17. Kf2 Nd7 18. Rh4 c5 19. a3 Bxc3 20.
bxc3 c4 21. Be2 Kg7 22. Rah1 Rh8 23. e4 fxe4 24. fxe4 Qf7 25. Kg3 dxe4 26. Qxe4 Bf5 27.
Be5+ Nxe5 28. Qxe5+ Kg6 29. Qd6+ Qe6 30. Qxe6+ Bxe6 31. Bd1 Kxg5 32. Bc2 Bd5 33. Re1 Rae8 34. Rhh1 h4+ 35.
Rxh4 Rxe1 36. Rxh8 Re3+ 37. Kf2 Rxc3 38. Ba4 Rd3 39. Rd8 Rxd4 40. Ke3 Rd3+ 41. Ke2 Be4 42. Re8 Kf4 43. g3+ Rxg3 44. Bb5 Bf5 45. Rf8 Rg2+ 46.
Kf1 Rg3 47. Bd7 Rf3+ 48. Ke2 Kg3 49. Rxf5 Rxa3 50. Rg5 Ra2+ 51. Ke3 Ra3+ 52. Ke4 Kf2 53. Rxg4 c3 54. Kf5 Ke2 55. Rc4 Kd2 56. Rc7 c2 57.
Rxb7 c1=Q 58. Kf6 Qc3+ 59. Ke7 Rb3 60. Rxa7 Qc5+ 61. Ke8 Qxa7 0-1

[Event "Early-Titled-Tuesday-Blitz-May-28-2024"]
[Site "Chess.com"]
[Date "2024.05.28"]
[Round "9"]
[White "ahkashefi2800"]
[Black "Ginger_GM"]
[Result "0-1"]
[WhiteElo "2560"]
[BlackElo "2743"]
[TimeControl "180+1"]
[EndTime "9:48:06 PDT"]
[Termination "Ginger_GM won by checkmate"]

1. d4 e6 2. Nf3 f5 3. g3 Nf6 4. Bg2 Be7 5. Kf1 O-O 6. b3 a5 7.
a4 d6 8. Bb2 Ne4 9. Nbd2 Bf6 10.
e3 Nxd2+ 11. Qxd2 Nc6 12. Ke2 Qe8 13. Rhe1 e5 14. dxe5 dxe5 15. Kf1 g5 16. Qe2 g4 17. Nd2 e4 18. Bxf6 Rxf6 19. h4 Be6 20. Rad1 Ne5 21. Kg1 Rf7 22. Nf1 Rd7 23. Rxd7 Qxd7 24. Rd1 Qc6 25. c4 Qc5 26. Qb2 Kf7 27. Qc3 c6 28. Qd4 Qxd4 29. exd4 Nd3 30. d5 cxd5 31. cxd5 Bxd5 32. Rxd3 exd3 33. Bxd5+ Kf6 34. Bc4 Rd8 35. Nd2 Ke5 36. Kf1 Kd4 37. Ke1 Kc3 38. Kd1 Re8 39. Nb1+ Kd4 40. Na3 Ke4 41. Kd2 Kf3 42. Bxd3 Kxf2 43.
Bxf5 Kxg3 44. Nc4 Kxh4 45. Ne3 h5 46. Bg6 Rd8+ 47. Ke2 Kg5 48. Be4 h4 49. Bxb7 h3 50. Kf1 Kf4 51. Nd5+ Kg3 52. Nc3 Kh4 53. Ne4 g3 54. Ke2 Rf8 55. Ke3 g2 56. Nd2 g1=Q+ 57. Kd3 h2 58. Nf3+ Rxf3+ 59. Bxf3 h1=Q 60. Bxh1 Qxh1 61. Kc4 Qb7 62. Kc3 Qb4+ 63. Kb2 Kg4 64. Ka1 Kf4 65. Kb2 Ke4 66. Ka1 Qa3+ 67. Kb1 Qxb3+ 68. Kc1 Qxa4 69. Kb2 Kd3 70. Kb1 Kc3 71. Kc1 Qa1# 0-1

[Event "Early-Titled-Tuesday-Blitz-May-28-2024"]
[Site "Chess.com"]
[Date "2024.05.28"]
[Round "9"]
[White "JJDAREK"]
[Black "MikeSailer"]
[Result "0-1"]
[WhiteElo "2349"]
[BlackElo "2101"]
[TimeControl "180+1"]
[EndTime "9:48:06 PDT"]
[Termination "MikeSailer won by resignation"]

1. d4 d5 2. Nf3 Nf6 3. c4 c6 4. Nbd2 g6 5. e3 Bg7 6. Be2 O-O 7. O-O b6 8. b4 a5 9. b5 c5 10. Bb2 Bb7 11. a4 e6 12. Rc1 Nbd7 13. Ne5 Nxe5 14. dxe5 Nd7 15. f4 f6 16. exf6 Nxf6 17. Nf3 Qc7 18.
Be5 Qd7 19. Qb3 Ne4 20. Rfd1 Rad8 21. Bxg7 Qxg7 22. Ne5 g5 23. Bg4 Rde8 24. cxd5 Bxd5 25. Rxd5 exd5 26. Qxd5+ Kh8 27. Bd7 Nf6 28. Qd6 Nxd7 29. Qxd7 Rxe5 30. Qxg7+ Kxg7 31. fxe5 Re8 32. Rd1 Re6 33. Kf2 Kg6 34. Rd7 Kf5 35. Kf3 h5 36. h3 Kxe5 37. Rh7 Kd5 38. Rxh5 Kc4 39. Rxg5 Kb3 40.
h4 c4 41. Ke2 c3 42. Rf5 Rd6 43. Rf1 Kxa4 44. Rc1 Kb3 45. h5 Kb2 46. Rxc3 Kxc3 47. g4 a4 48. g5 Rd5 49. g6 Rxh5 50. g7 Rg5 51. e4 Rxg7 52. e5 Re7 53. e6 Rxe6+ 54.
Kf3 Re5 55. Kf4 Rxb5 56. Ke4 Rc5 57. Kf4 a3 58. Ke4 a2 59. Ke3 a1=Q 60. Ke2 Qb2+ 61.
Ke3 Qd2+ 62. Ke4 Qd5+ 63. Ke3 Rc6 0-1

[Event "Early-Titled-Tuesday-Blitz-May-28-2024"]
[Site "Chess.com"]
[Date "2024.05.28"]
[Round "9"]
[White "Massakru"]
[Black "Fraler15"]
[Result "0-1"]
[WhiteElo "2362"]
[BlackElo "2221"]
[TimeControl "180+1"]
[EndTime "9:48:08 PDT"]
[Termination "Fraler15 won by checkmate"]

1. e4 c5 2. Nf3 e6 3. c3 d5 4. exd5 Qxd5 5. Na3 Nf6 6. d4 Nc6 7. Be3 cxd4 8. Nb5 Qd8 9. Nbxd4 Nxd4 10. Nxd4 a6 11.
Qa4+ Bd7 12. Qb3 Qc7 13. Be2 Bd6 14. Bf3 Rb8 15. h3 O-O 16. O-O e5 17. Nc2 e4 18.
Be2 Be6 19. Qa4 Rfc8 20. Nd4 Bd7 21. Qd1 Nd5 22. Bg4 Nxe3 23. fxe3 Bxg4 24. Qxg4 Bc5 25. Nf5 f6 26. Qxe4 Re8 27. Qd5+ Kh8 28. Kh1 Re5 29. Qf3 Rbe8 30. Rae1 a5 31. e4 a4 32. b3 axb3 33.
axb3 Bf8 34. c4 Qc6 35. Ng3 Bd6 36. Rd1 Bf8 37. Rd5 Qb6 38. Rxe5 Rxe5 39. Rd1 Qc7 40.
Rd5 Qe7 41. Nf5 Qe6 42. Rd8 Kg8 43. Qg4 Kf7 44. Qh5+ Kg8 45. Qg4 Kf7 46. Rd6 Bxd6 47. Qxg7+ Ke8 48. Qxb7 Rxf5 49. Qc6+ Ke7 50. Qb7+ Kf8 51.
Qa8+ Kg7 52. Qb7+ Kh6 53. g4 Re5 54. Qa8 Rxe4 55. Qd8 Qe7 56. Kg2 Re2+ 57. Kf1 Qe5 58. Qf8+ Kg5 59. Qg8+ Kh4 60. Qxh7+ Kg3 61. Qf5 Re1# 0-1

[Event "Early-Titled-Tuesday-Blitz-May-28-2024"]
[Site "Chess.com"]
[Date "2024.05.28"]
[Round "9"]
[White "MaxLeto"]
[Black "KatakuriDono"]
[Result "1-0"]
[WhiteElo "2395"]
[BlackElo "2271"]
[TimeControl "180+1"]
[EndTime "9:48:09 PDT"]
[Termination "MaxLeto won by checkmate"]

1. b3 Nf6 2. a3 e5 3. c3 d5 4. d3 Nc6 5. e3 Be7 6. f3 O-O 7. g3 e4 8. h3 exd3 9. Bxd3 Ne5 10. Bc2 Nh5 11. Kf2 c6 12. Ne2 Re8 13. Nd2 Bc5 14. Nf1 Qe7 15. g4 Qh4+ 16. Kg2 Nf6 17. Nfg3 Ng6 18. Nd4 Nd7 19. Ngf5 Qd8 20. h4 Nde5 21.
h5 Nf8 22. Bd2 Bb6 23. Qe1 a6 24. Qg3 c5 25. Ne2 c4 26. Ned4 cxb3 27. Bxb3 Nc4 28. Bxc4 dxc4 29. Rad1 Bc7 30. Qh3 Ne6 31. e4 Bf4 32.
Nxe6 Qd3 33. Bxf4 Qe2+ 34. Kg3 Bxe6 35. Rd2 Qxd2 36. Bxd2 Rad8 37. Bf4 Rd3 38. Re1 Bxf5 39. gxf5 f6 40. h6 Rxc3 41. Qg4 Re7 42. Rd1 Rd3 43. Rxd3 cxd3 44. Qh3 Rd7 45. Bd2 b5 46. Kf4 a5 47.
Bxa5 d2 48. Bxd2 Rxd2 49. Qg3 Rd7 50. Qg1 Kf8 51. hxg7+ Rxg7 52. Qc5+ Re7 53. Qxb5 Kg7 54. a4 h5 55. a5 h4 56. a6 h3 57. Kg3 Kh6 58.
Kxh3 Kg5 59. Kg3 Rc7 60. Qb6 Rh7 61. a7 Rh1 62. a8=Q Rh3+ 63. Kxh3 Kf4 64. Qc7+ Kxf3 65. Qg3+ Ke2 66. Qa2+ Kd1 67. Qg1# 1-0

[Event "Early-Titled-Tuesday-Blitz-May-28-2024"]
[Site "Chess.com"]
[Date "2024.05.28"]
[Round "9"]
[White "Chernov_Alexander_A"]
[Black "FLYD"]
[Result "0-1"]
[WhiteElo "2274"]
[BlackElo "2079"]
[TimeControl "180+1"]
[EndTime "9:48:09 PDT"]
[Termination "FLYD won on time"]

1. d4 d5 2. c4 e6 3. Nf3 Nf6 4. g3 Be7 5. Bg2 O-O 6. O-O dxc4 7. Qc2 a6 8. Qxc4 b5 9. Qc2 Bb7 10. Bd2 Nbd7 11. Ba5 Rc8 12. Rc1 Qe8 13. Nbd2 c5 14. dxc5 Nxc5 15. Qd1 Qd7 16. Ne5 Qd6 17. Ndf3 Qxd1+ 18. Rxd1 Bd8 19. Bb4 a5 20. Be1 Nd5 21. Rac1 a4 22.
Nd4 Bf6 23. Rxc5 Rxc5 24. Nd7 Rc4 25. Nxb5 Rd8 26. Nxf6+ gxf6 27. e4 Rcc8 28. exd5 Bxd5 29. Nc3 Bxg2 30. Kxg2 Rxd1 31. Nxd1 Rc1 32. Nc3 Rxe1 33.
Nxa4 Kf8 34. Kf3 Ke7 35. Nc3 Kd6 36. a4 Kc5 37. Ne4+ Kb4 38. Nxf6 Kxa4 39. Nxh7 Kb3 40. Ng5 f6 41. Nh7 f5 42. h4 Kxb2 43. Kf4 Kc3 44.
h5 Kd4 45. h6 Rh1 46. Kg5 Rh2 47.
f3 Rh3 48. g4 Rxf3 49. Nf6 fxg4 50. h7 Rh3 51. Nh5 g3 52. h8=Q+ Ke3 53. Qe5+ Kf2 54. Qf4+ Kg2 55. Qe4+ Kf2 56. Qd4+ Kg2 57. Nf4+ Kh2 58. Qd2+ Kg1 59. Nxh3+ Kh1 60. Kg4 g2 0-1

[Event "Early-Titled-Tuesday-Blitz-May-28-2024"]
[Site "Chess.com"]
[Date "2024.05.28"]
[Round "9"]
[White "LeoLV10"]
[Black "Jeppesen08"]
[Result "0-1"]
[WhiteElo "2559"]
[BlackElo "2486"]
[TimeControl "180+1"]
[EndTime "9:48:10 PDT"]
[Termination "Jeppesen08 won by checkmate"]

1. e4 c5 2. Nf3 e6 3. d4 cxd4 4. Nxd4 Nc6 5. Nc3 Qc7 6. Be3 a6 7. g4 b5 8. Nxc6 Qxc6 9. Qd2 Bb7 10. f3 Rc8 11. O-O-O b4 12. Ne2 d5 13. Nd4 Qc7 14. e5 Qxe5 15. Bf4 Qf6 16. Bh3 Bc5 17. Nb3 Be7 18. g5 Qg6 19. Bg4 h5 20. Bh3 Rc4 21.
Nd4 Bc5 22. Nb3 Bb6 23. Kb1 Ne7 24. Bd6 Nf5 25. Bxf5 Qxf5 26. Bxb4 Qf4 27. Bc3 Qxd2 28. Nxd2 Rf4 29. Bxg7 Rg8 30. Bf6 Bd8 31. Bxd8 Kxd8 32.
h4 Ke7 33. Rh3 Rc8 34. Re1 d4 35. Kc1 Rc5 36. Kd1 Rcf5 37. Rf1 e5 38. Ke2 a5 39. Re1 Kd6 40. Kf2 e4 41. Ke2 e3 42. Nc4+ Kc5 43.
Nxa5 Ba6+ 44. c4 Kb6 45. b4 Rxa5 46. bxa5+ Kxa5 47. Kd3 Kb4 48. Rb1+ Kc5 49. Rb8 Bxc4+ 50. Kc2 d3+ 51. Kd1 Kd4 52. Rd8+ Kc3 53. Re8 e2+ 54. Ke1 Kc2 55. Rxe2+ dxe2 56. a3 Rd4 57. Kf2 Rd1 58. Rh2 e1=Q+ 59. Kg2 Qg1+ 60. Kh3+ Kc3 61.
Rg2 Be6+ 62. Kg3 Qe1+ 63. Kh2 Qxh4# 0-1

[Event "Early-Titled-Tuesday-Blitz-May-28-2024"]
[Site "Chess.com"]
[Date "2024.05.28"]
[Round "9"]
[White "agvega14"]
[Black "ChrisTool2"]
[Result "1/2-1/2"]
[WhiteElo "2261"]
[BlackElo "2369"]
[TimeControl "180+1"]
[EndTime "9:48:10 PDT"]
[Termination "Game drawn - insufficient material"]

1. e4 c5 2. Nf3 d6 3. c3 Nf6 4.
h3 g6 5. d3 Bg7 6. Be3 Nc6 7.
Be2 O-O 8. O-O Bd7 9. a4 a6 10. Qc2 Qc7 11. Nbd2 Rab8 12. d4 cxd4 13. cxd4 Rfc8 14.
Rfc1 Qd8 15. Qd1 d5 16. e5 Ne4 17. Qb3 Be6 18. Qd1 h6 19. Bd3 Nxd2 20. Qxd2 Na5 21. Rxc8 Rxc8 22. Qb4 Bf5 23. Bxf5 gxf5 24. b3 e6 25. Bd2 b6 26. Rc1 Rxc1+ 27. Bxc1 Bf8 28. Qc3 b5 29. axb5 axb5 30. Bd2 b4 31. Qc2 Qb6 32.
Qd3 Nc6 33. g4 fxg4 34. hxg4 Na7 35. Kg2 Qb5 36. Qe3 Qc6 37. g5 Qc2 38. gxh6 Qg6+ 39.
Kf1 Nb5 40. Ke2 Qe4 41. Kd1 Qxe3 42. Bxe3 Nc3+ 43. Kc2 Kh7 44. Ng5+ Kg6 45. h7 Bg7 46. f4 Ne4 47. Bc1 Nxg5 48. fxg5 Kxh7 49. Bd2 Kg6 50. Bxb4 Kxg5 51. Bd2+ Kf5 52. Kd3 Bf8 53. b4 f6 54.
exf6 Kxf6 55. b5 Bd6 56. b6 Ke7 57. b7 Kd7 58. Ba5 Kc6 59. Bd2 Kxb7 60. Ke3 Kc6 61. Kd3 Kb5 62. Bc3 Ka4 63. Bd2 Kb3 64. Bc3 Bb4 65. Ba1 Ba5 66. Ke2 Kc2 67. Kf3 Kd3 68. Kf4 Bc3 69. Ke5 Bxa1 70. Kxe6 Bxd4 71. Kxd5 1/2-1/2

[Event "Early-Titled-Tuesday-Blitz-May-28-2024"]
[Site "Chess.com"]
[Date "2024.05.28"]
[Round "9"]
[White "pfalcon1949"]
[Black "SuperGPatzer"]
[Result "1/2-1/2"]
[WhiteElo "1931"]
[BlackElo "2050"]
[TimeControl "180+1"]
[EndTime "9:48:12 PDT"]
[Termination "Game drawn by stalemate"]

1. e4 g5 2. d4 h6 3. h4 g4 4. g3 d5 5. Bg2 dxe4 6. Bxe4 Nf6 7. Bg2 Nc6 8. c3 Bf5 9. Bf4 Qd7 10. Nd2 O-O-O 11.
Qa4 Nd5 12. O-O-O Nxf4 13. gxf4 a6 14. Bxc6 Qxc6 15. Qxc6 bxc6 16. Ne2 e6 17. Ng3 Bd6 18. Nxf5 exf5 19. Kc2 Bxf4 20. Nc4 Rde8 21. Rde1 Kd7 22. h5 Rxe1 23. Rxe1 Re8 24. Rxe8 Kxe8 25. Na5 Kd7 26.
Nb3 Bg5 27. Nc5+ Kd6 28. Nxa6 Bh4 29. Kd2 Bxf2 30. Ke2 Bg1 31. Kf1 Be3 32. Nc5 Bc1 33.
Nd3 Be3 34. a4 f4 35. Ne5 g3 36. a5 c5 37. a6 cxd4 38. a7 dxc3 39. Nc4+ Kc5 40.
a8=Q Kxc4 41. bxc3 Kxc3 42. Qc6+ Kd3 43. Qxc7 f3 44.
Qxg3 f2 45. Qf3 Kd2 46. Qxf7 Kd3 47. Qf5+ Kd4 48. Ke2 f1=Q+ 49. Kxf1 Bg5 50. Qg6 Ke5 51. Kg2 Kf4 52. Kh3 Kf3 53. Qf7+ Ke4 54. Kg4 Ke5 55.
Qf5+ Kd6 56. Qg6+ Ke5 57. Qg7+ Ke4 58. Qf7 Ke5 59. Kf3 Kd6 60. Ke4 Kc5 61. Kf5 Kd6 62.
Qg6+ Ke7 63. Qxg5+ hxg5 64. h6 Kf7 65. Kxg5 Kg8 66.
Kg6 Kh8 67. Kh5 Kh7 68. Kg5 Kh8 69. Kf6 Kh7 70. Kg5 Kh8 71. Kg6 Kg8 72. h7+ Kh8 73.
Kh6 1/2-1/2

[Event "Early-Titled-Tuesday-Blitz-May-28-2024"]
[Site "Chess.com"]
[Date "2024.05.28"]
[Round "9"]
[White "InitiatingASC"]
[Black "Navyblue1"]
[Result "1-0"]
[WhiteElo "2413"]
[BlackElo "2248"]
[TimeControl "180+1"]
[EndTime "9:48:15 PDT"]
[Termination "InitiatingASC won on time"]

1. d4 Nf6 2. c4 g6 3. Nc3 Bg7 4. e4 d6 5. Nf3 O-O 6. Be2 c5 7. d5 e6 8. O-O exd5 9. cxd5 a6 10. a4 Re8 11. Nd2 Nbd7 12. Qc2 Rb8 13. Nc4 Ne5 14. Bg5 Nxc4 15. Bxc4 h6 16. Bh4 g5 17. Bg3 Ng4 18.
a5 Ne5 19. Be2 b5 20. axb6 Qxb6 21. Nd1 a5 22. Ra2 Bd7 23. Ne3 Qb4 24. Rfa1 a4 25.
Nc4 Nxc4 26. Bxc4 Be5 27. Bxe5 Rxe5 28. f3 Re7 29. Rb1 Ra8 30. b3 a3 31. Rba1 Be8 32. Qc1 Rea7 33. Qd1 Bb5 34. Qc1 Bxc4 35. Qxc4 Qxc4 36. bxc4 Ra4 37. Kf2 f6 38. Kg3 Kf7 39. Kg4 Kg6 40. h4 h5+ 41. Kg3 Rxc4 42.
Rxa3 Rxa3 43. Rxa3 gxh4+ 44. Kxh4 Rc2 45. Kg3 h4+ 46.
Kh3 c4 47. Ra6 c3 48. Rxd6 Rc1 49. Rc6 c2 50. Kh2 Kg5 51. Rc8 Kf4 52. d6 Rd1 53. Rxc2 Rxd6 54. Rc5 Re6 55. Rf5+ Ke3 56. Rh5 Kd4 57. Rxh4 Ke5 58. Rh5+ Kd6 59. Rf5 Ke7 60. Kg3 Rb6 61. Kf4 Rb4 62. g4 Ra4 63. g5 fxg5+ 64.
Rxg5 Rd4 65. Re5+ Kf6 66. Ra5 Rb4 67. Ra6+ Ke7 68. Kf5 Rb3 69. f4 Rh3 70. Ra7+ Kf8 71. e5 Rh5+ 72. Kg6 Rh3 73. f5 1-0

[Event "Early-Titled-Tuesday-Blitz-May-28-2024"]
[Site "Chess.com"]
[Date "2024.05.28"]
[Round "9"]
[White "rollercoaster29"]
[Black "Kildepiotr"]
[Result "0-1"]
[WhiteElo "2544"]
[BlackElo "2736"]
[TimeControl "180+1"]
[EndTime "9:48:17 PDT"]
[Termination "Kildepiotr won on time"]

1. e4 g6 2. d4 Bg7 3. Nf3 c6 4. Nc3 d6 5. Bc4 Nf6 6. Bg5 b5 7. Bd3 b4 8. Ne2 Bg4 9. Qd2 Qb6 10. e5 Nd5 11. Bh6 Bxh6 12. Qxh6 Bxf3 13. gxf3 dxe5 14. Qg7 Rf8 15. dxe5 Nd7 16. O-O-O O-O-O 17. Be4 e6 18. Nd4 Nc5 19. Bxd5 cxd5 20. Kb1 Qb7 21. Qxh7 Rh8 22. Qg7 Rh5 23. Qf6 Rdh8 24. Qf4 Rh4 25. Qe3 Nd7 26. f4 Rxh2 27. Rxh2 Rxh2 28. Qg3 Rh8 29. Qd3 Qb6 30. Nb5 Nc5 31. Qe2 Ne4 32. f3 Qf2 33. Nd6+ Kc7 34. Qa6 Nxd6 35. Qxd6+ Kc8 36.
Qxb4 Qe2 37. Rc1 Qxf3 38. Qc5+ Kb8 39. c4 Qd3+ 40. Ka1 Qd2 41. Qb5+ Ka8 42. Qc6+ Kb8 43. cxd5 Qxd5 44. Qc7+ Ka8 45. a3 Qb7 46. Qxb7+ Kxb7 47. Rd1 Kc7 48. Rd4 Rh2 49. Ka2 Rh4 50. Rc4+ Kd7 51.
Kb3 Rh3+ 52. Kb4 Rh2 53. b3 Re2 54. Kc5 g5 55. fxg5 Rxe5+ 56. Kb4 Rxg5 57. Rf4 f5 58. Kc5 Rg4 59. Rxg4 fxg4 60. Kd4 Kc6 61. Ke4 e5 62. b4 Kb5 63. Ke3 Ka4 0-1

[Event "Early-Titled-Tuesday-Blitz-May-28-2024"]
[Site "Chess.com"]
[Date "2024.05.28"]
[Round "9"]
[White "ab-lsv"]
[Black "Zq1"]
[Result "1-0"]
[WhiteElo "2380"]
[BlackElo "2531"]
[TimeControl "180+1"]
[EndTime "9:48:18 PDT"]
[Termination "ab-lsv won on time"]

1. d4 Nf6 2. c4 a6 3. Nc3 c5 4.
d5 b5 5. b3 b4 6. Nb1 g6 7.
Bb2 Bg7 8. Nd2 O-O 9. e4 d6 10. Ngf3 Re8 11. Bd3 a5 12. a4 bxa3 13. Rxa3 Na6 14.
Qa1 Nb4 15. Bb1 e5 16. dxe6 Bxe6 17. O-O Nh5 18. Bxg7 Nxg7 19. Rd1 Nh5 20. Qc3 Qf6 21. Qxf6 Nxf6 22. h3 Nd7 23. Nf1 Ra6 24. Ne3 Ne5 25.
Nxe5 dxe5 26. Nd5 Bxd5 27. cxd5 Rb8 28. Bd3 Nxd3 29. Rxd3 Kf8 30. Kf1 Ke7 31. Rc3 Kd6 32. Ke2 Rb4 33. f3 f5 34. Ke3 f4+ 35.
Kd3 g5 36. Rc2 h5 37. Rca2 a4 38. bxa4 Ra5 39. Kc3 g4 40. hxg4 hxg4 41. Ra1 gxf3 42. gxf3 Rd4 43. Rh1 Raxa4 44. Rh6+ Kc7 45. Rc6+ Kd7 46.
Rxa4 Rxa4 47. Kd2 Ra2+ 48. Ke1 Rc2 49. Kf1 c4 50. Ke1 c3 51. Kd1 Rd2+ 52. Ke1 Rd3 53.
Ke2 Re3+ 54. Kf2 Ke7 55. Kg2 Re2+ 56. Kh3 c2 57. Kg4 Rg2+ 58. Kf5 Rg3 59. Rxc2 Rxf3 60. Kxe5 Rf1 61. d6+ Kd8 62. Ke6 Rh1 63. e5 f3 64.
Kd5 Rd1+ 65. Ke6 Rh1 66. Ra2 Rh6+ 67. Kd5 1-0

[Event "Early-Titled-Tuesday-Blitz-May-28-2024"]
[Site "Chess.com"]
[Date "2024.05.28"]
[Round "9"]
[White "Djager97"]
[Black "ilqar_74"]
[Result "1/2-1/2"]
[WhiteElo "2558"]
[BlackElo "2755"]
[TimeControl "180+1"]
[EndTime "9:48:20 PDT"]
[Termination "Game drawn by stalemate"]

1. e4 c5 2. Nf3 d6 3. d4 cxd4 4. Nxd4 Nf6 5. Nc3 a6 6. Bg5 Nbd7 7. Qe2 Qc7 8. O-O-O e6 9. g4 Be7 10. h4 b5 11. a3 Bb7 12. Bg2 Rc8 13. Bd2 Nb6 14.
g5 Nfd7 15. f4 Nc4 16. h5 Nxd2 17. Qxd2 Nb6 18. g6 Nc4 19. Qd3 Bf6 20. gxf7+ Qxf7 21.
Bh3 Bxd4 22. Qxd4 Qxf4+ 23. Kb1 Qf6 24. Qxf6 gxf6 25. Bxe6 Nxa3+ 26. bxa3 Rxc3 27. Rxd6 Ke7 28. Rb6 Bxe4 29. Re1 Rc6 30. Rxc6 Bxc6 31. Bd5+ Kd6 32. Bxc6 Kxc6 33. Re6+ Kc5 34. Rxf6 a5 35. Kb2 a4 36. h6 Kc4 37. Rf7 Kd4 38. Rc7 Kd5 39. Kc3 Kd6 40.
Rg7 Kc5 41. Rg5+ Kc6 42. Kb4 Rf8 43. Rc5+ Kd6 44. Rxb5 Rf1 45. Kxa4 Rh1 46. c4 Kc6 47. Ka5 Rh4 48. Kb4 Rxh6 49. Rf5 Rh1 50. Rf6+ Kb7 51.
a4 h5 52. c5 h4 53. Rh6 h3 54. Kb5 Rb1+ 55. Ka5 Rh1 56. c6+ Kc7 57. Ka6 h2 58. a5 Kc8 59. Ka7 Kc7 60. a6 Kc8 61. Rh7 Kd8 62. Ka8 Kc8 63. a7 Kd8 64. c7+ Kc8 65.
Rh8+ Kxc7 66. Rxh2 Rxh2 1/2-1/2

[Event "Early-Titled-Tuesday-Blitz-May-28-2024"]
[Site "Chess.com"]
[Date "2024.05.28"]
[Round "9"]
[White "JonasEilenberg"]
[Black "HamedWafa4"]
[Result "1/2-1/2"]
[WhiteElo "2634"]
[BlackElo "2779"]
[TimeControl "180+1"]
[EndTime "9:48:21 PDT"]
[Termination "Game drawn by repetition"]

1. d4 Nf6 2. c4 e6 3. Nc3 Bb4 4. Qc2 O-O 5. e4 d6 6. e5 dxe5 7.
dxe5 Ng4 8. Nf3 Nc6 9. Bf4 Bc5 10.
Rd1 Qe7 11. Bg3 f6 12. exf6 Qxf6 13. h3 Nge5 14. Nxe5 Nxe5 15. a3 Ng6 16. Ne4 Qf5 17. Bd3 Bd4 18. O-O Nf4 19. Nd6 Qh5 20. Nxc8 Raxc8 21.
Be4 c5 22. Kh2 b6 23. Bf3 Qh6 24. Qe4 Rf6 25. Rfe1 Rcf8 26. b4 Nxh3 27. gxh3 Rxf3 28.
Qxe6+ Qxe6 29. Rxe6 Bxf2 30. Bd6 Rd8 31. Kg2 Rf6 32. Rxf6 gxf6 33. Kxf2 Kf7 34. bxc5 bxc5 35. Rd2 Ke6 36. Bf4 Rc8 37. Rd6+ Kf5 38. Kf3 Re8 39. Rd5+ Kg6 40. Rxc5 Re1 41. Rc7 Rf1+ 42. Kg3 Kf5 43.
Bd6 Ke4 44. Rxh7 f5 45. Rxa7 f4+ 46. Bxf4 Rf3+ 47. Kg2 Rxf4 48. c5 Kd5 49. Rc7 Ra4 50. Kg3 Rxa3+ 51. Kg4 Ra4+ 52. Kg5 Ke6 53. h4 Ra1 54. h5 Rg1+ 55. Kh6 Kf6 56. c6 Rc1 57.
Rc8 Ke7 58. c7 Kd7 59. Rg8 Kxc7 60. Kh7 Kd7 61. h6 Ke7 62. Rg6 Kf8 63. Rf6+ Ke7 64. Rf2 Rg1 65. Kh8 Ke8 66. h7 Ke7 67. Rf3 Ke8 68.
Ra3 Kf7 69. Ra7+ Kf6 70. Ra8 Kf7 71. Rg8 Re1 72. Rg7+ Kf8 73. Rg8+ Kf7 74. Ra8 Rg1 75. Ra7+ Kf8 76. Ra8+ Kf7 1/2-1/2

[Event "Early-Titled-Tuesday-Blitz-May-28-2024"]
[Site "Chess.com"]
[Date "2024.05.28"]
[Round "9"]
[White "Nekoo04"]
[Black "Herzog2012"]
[Result "0-1"]
[WhiteElo "2424"]
[BlackElo "2576"]
[TimeControl "180+1"]
[EndTime "9:48:21 PDT"]
[Termination "Herzog2012 won by resignation"]

1. d4 Nf6 2. c4 e6 3. Nf3 d5 4. g3 Be7 5. Bg2 O-O 6. O-O dxc4 7. Qc2 a6 8. a4 Bd7 9. Qxc4 Bc6 10. Bf4 a5 11. Nc3 Na6 12. Rfd1 Nb4 13. Ne5 Bxg2 14. Kxg2 Nfd5 15. Bd2 Nb6 16. Qb3 c6 17. e4 Bd6 18.
Nf3 Qc7 19. e5 Be7 20. Rac1 Qd7 21. Bg5 N6d5 22. Bxe7 Qxe7 23. Ne4 Rfd8 24. Nd6 Rxd6 25. exd6 Qxd6 26. Qc4 Nb6 27. Qc5 Qxc5 28. dxc5 N6d5 29.
Ne5 Kf8 30. Rd4 f6 31. Nc4 e5 32. Rdd1 Ke7 33. Nd6 Rb8 34. Nf5+ Kf7 35. Kf3 g6 36. Ne3 Ke6 37. Nc4 Na6 38. Nxa5 f5 39. Kg2 e4 40. Rd4 Ke5 41. Rdc4 g5 42. Rb1 f4 43. Re1 e3 44. Kf3 Kf5 45. h3 h5 46. g4+ hxg4+ 47.
hxg4+ Kf6 48. Nb3 Rh8 49. fxe3 fxe3 50. Nd4 Rh2 51. b4 Rf2+ 52. Kg3 Naxb4 53. Nf5 Ke5 54. Rc2 Rf4 55. Nxe3 Re4 56. Ng2 Nxc2 57. Rxe4+ Kxe4 58. Ne1 Nd4 59. Nc2 Nxc2 60. Kg2 Nd4 61. Kf1 Kf3 62. Ke1 Kxg4 63. Kd1 Kf4 64. Kd2 Ke4 0-1

[Event "Early-Titled-Tuesday-Blitz-May-28-2024"]
[Site "Chess.com"]
[Date "2024.05.28"]
[Round "9"]
[White "ChessShop"]
[Black "Lady_Nika"]
[Result "0-1"]
[WhiteElo "2656"]
[BlackElo "2537"]
[TimeControl "180+1"]
[EndTime "9:48:23 PDT"]
[Termination "Lady_Nika won on time"]

1. d4 d5 2. Nf3 e6 3. Bf4 f5 4. e3 Bd6 5. Nbd2 Nf6 6. Bd3 O-O 7. O-O c6 8. Bxd6 Qxd6 9. Ne5 Nbd7 10. f4 Qe7 11.
Ndf3 Nxe5 12. Nxe5 Nd7 13. Nf3 Nf6 14. h3 Bd7 15.
Ne5 Be8 16. g4 Nd7 17. gxf5 exf5 18. Kh2 Nxe5 19. fxe5 Bg6 20. Rf4 c5 21. c3 c4 22.
Bc2 Rf7 23. Qf3 Qe6 24. Rf1 Raf8 25. b3 b5 26. a4 a6 27. axb5 axb5 28. Ra1 h6 29.
Ra5 Bh7 30. Rxb5 g5 31. Qg2 Kh8 32. Rf2 f4 33. exf4 Bxc2 34. Rxc2 Rxf4 35. bxc4 dxc4 36. Rcb2 Qf5 37. Rb8 Qd3 38. Rxf8+ Rxf8 39. Rf2 Rb8 40. Qf3 Qh7 41. Qf6+ Kg8 42. e6 Qc7+ 43. Kg2 Qc6+ 44.
Kg3 Qd6+ 45. Kg4 Rb7 46. Qg6+ Kh8 47. Qxh6+ Kg8 48. Qg6+ Rg7 49. Qe8+ Kh7 50. Qh5+ Kg8 51. Rf7 Qxe6+ 52. Kg3 Qxf7 53. Qg4 Qc7+ 54. Kg2 Qc6+ 55. Kh2 Qd6+ 56. Kg2 Qf4 57. Qe6+ Kh7 58. Qxc4 Re7 59. Qd3+ Kh6 60. d5 Qe4+ 61. Qxe4 Rxe4 62. Kf3 Rc4 63.
Ke3 Rxc3+ 64. Kd4 Rxh3 0-1